 Dungeon Crawl Stone Soup version 0.28-a0-726-g4a9143789a (webtiles) character file.

Game seed: 13736347578418581648

133 sanka the Chopper (level 4, -4/37 HPs)
             Began as a Palentonga Abyssal Knight on Oct 27, 2021.
             Was a Believer of Lugonu.
             Slain by an orc (7 damage)
             ... on level 3 of the Dungeon.
             The game lasted 00:03:42 (2762 turns).

sanka the Chopper (Palentonga Abyssal Knight)       Turns: 2762, Time: 00:03:43

Health: -4/37      AC:  5    Str: 18    XL:     4   Next: 94%
Magic:  5/5        EV:  9    Int: 10    God:    Lugonu [**....]
Gold:   176        SH:  0    Dex: 10    Spells: 3/3 levels left

rFire   . . .      SeeInvis +   a - +1 hand axe
rCold   . . .      Faith    .   (no shield)
rNeg    . . .      Spirit   .   b - +0 leather armour
rPois   +          Reflect  .   j - +0 helmet
rElec   .          Harm     .   (no cloak)
rCorr   +          Rampage  .   (no gloves)
Will    .....                   (no barding)
Stlth   +.........              (no amulet)
HPRegen 0.12/turn               m - ring of poison resistance
MPRegen 0.09/turn               g - ring of resist corrosion

@: no status effects
A: large, rugged brown scales 3, see invisible, deformed body, roll 1, armoured
tail
a: Rolling Charge, Renounce Religion, Depart the Abyss, Bend Space


You were on level 3 of the Dungeon.
You worshipped Lugonu.
Lugonu was pleased with you.
You visited 1 branch of the dungeon, and saw 4 of its levels.
You visited the Abyss 1 time.

You collected 176 gold pieces.


Innate Abilities, Weirdness & Mutations

You are completely covered in rugged brown scales. (AC +3, +7% HP)
You have supernaturally acute eyesight. (SInv)
Armour fits poorly on your strangely shaped body.
You can roll at nearby foes to attack.
You have a long armoured tail.


   Skills:
 - Level 3.0 Fighting
 + Level 5.2 Axes
 - Level 1.5 Armour
 - Level 0.7 Dodging
 - Level 2.0 Invocations


You had 3 spell levels left.
You didn't know any spells.
Your spell library contained the following spells:

 Spells                   Type           Power      Damage    Failure   Level
 Frozen Ramparts          Ice            0%         1d2       80%         3
 Tukima's Dance           Hex            0%         N/A       80%         3
 Ice Form                 Ice/Tmut       0%         N/A       99%         4
 Passage of Golubria      Tloc           0%         N/A       99%         4
 Summon Ice Beast         Ice/Summ       0%         N/A       99%         4
 Yara's Violent Unravell  Hex/Tmut       0%         3d3       100%        5

Inventory:

Hand Weapons
 a - a +1 hand axe (weapon)
Armour
 b - a +0 leather armour (worn)
 j - a +0 helmet (worn)
Jewellery
 g - a ring of resist corrosion (right hand)
 m - a ring of poison resistance (left hand)
Scrolls
 e - a scroll of amnesia {unknown}
 i - a scroll of teleportation {unknown}
 k - a scroll of blinking {unknown}
Potions
 c - a potion of heal wounds {unknown}
 d - 2 potions of curing {unknown}
 f - a potion of haste {unknown}
 h - 2 potions of brilliance {unknown}
 l - a potion of resistance {unknown}
 n - a potion of flight {unknown}

Dungeon Overview and Level Annotations

Branches:
Dungeon (4/15)
 Temple: D:4-7

Altars:

Shops:
D:2

:
▒▒...........▒.▒.▒▒▒▒▒▒▒▒▒▒▒.▒
▒...........▒...▒.....▒▒▒▒▒.▒
▒...........▒▒..............▒
▒......†...)▒▒..▒.....▒▒▒▒▒▒▒
▒...........▒▒..▒........▒
▒...........▒▒[.▒▒.......▒
▒...........▒▒..▒▒.......▒
▒...........▒▒.o▒▒.......▒
▒...........▒▒oH▒▒.......▒
▒...........▒▒▒▒▒▒▒▒▒▒▒▒▒▒
▒▒▒▒▒▒▒▒▒▒▒▒▒


You could see 2 orcs.


Message History

There is a stone staircase leading down here.
Unknown command.
You hit the orc.
The orc is lightly wounded.
You hit the orc but do no damage.
The orc hits you with a +2 dagger of flaming.
* * * LOW HITPOINT WARNING * * *
The orc burns you.
* * * LOW HITPOINT WARNING * * *
The orc barely misses you.
You closely miss the orc.
The orc is lightly wounded.
You hit the orc but do no damage. The orc hits you but does no damage.
The orc hits you with a +0 war axe!
* * * LOW HITPOINT WARNING * * *
Unknown command.
You hit the orc.
The orc is moderately wounded.
You hit the orc. The orc hits you but does no damage.
The orc hits you with a +0 war axe.
* * * LOW HITPOINT WARNING * * *
Unknown command.
You hit the orc.
The orc is severely wounded.
You barely miss the orc. The orc hits you but does no damage.
The orc hits you with a +0 war axe!
You die...

Action                   |  1- 3 |  4- 6 || total
-------------------------+-------+-------++-------
Melee: Hand axe          |    83 |    42 ||   125
       Tailslap          |    10 |     5 ||    15
Armor: Leather armour    |    29 |    18 ||    47
Dodge: Dodged            |    42 |    20 ||    62

Levels and vault maps discovered:
D:1:      minmay_arrival_five_plusses, layout_basic, minmay_crystal_water,
          grunt_decor_junction
D:2:      layout_loops_corners, serial_shops, shop_coins,
          hangedman_decor_opposing
D:3:      layout_basic, basic_ecumenical_altar
D:4:      layout_rooms, amcnicky_mini_rare_corridor_liquid

Notes
Turn   | Place    | Note
-------+----------+-------------------------------------------
     0 | Abyss:1  | sanka the Palentonga Abyssal Knight began the quest for the
                  | Orb.
     0 | Abyss:1  | Reached XP level 1. HP: 19/19 MP: 2/2
    19 | D:1      | Escaped the Abyss
   244 | D:1      | Reached XP level 2. HP: 19/25 MP: 3/3
   413 | D:1      | Reached skill level 3 in Axes
   598 | D:1      | Reached ** piety under Lugonu
   669 | D:1      | Reached XP level 3. HP: 31/31 MP: 4/4
   991 | D:2      | Found Guosaali's Book Shop.
  1187 | D:2      | Reached skill level 4 in Axes
  1909 | D:3      | Found a faded altar of an unknown god.
  1979 | D:3      | Reached XP level 4. HP: 37/37 MP: 5/5
  2008 | D:3      | Reached skill level 5 in Axes
  2761 | D:3      | HP: 3/37 [orc (2)]
  2762 | D:3      | Slain by an orc

Vanquished Creatures
  A hound (D:3)
  4 adders
  2 worms
  5 dart slugs
  7 bats
  5 endoplasms
  4 giant cockroaches
  6 goblins
  A hobgoblin (D:1)
  A quokka (D:1)
  3 ball pythons
  2 frilled lizards
  8 kobolds
  2 rats (D:1)
51 creatures vanquished.
